 Dungeon Crawl Stone Soup version 0.30-a0-1161-g0704695555 (webtiles) character file.

Game seed: 17900073404283415149

166 BillyBaka the Shield-Bearer (level 5, -10/46 (47) HPs)
             Began as a Minotaur Fighter on Apr 28, 2023.
             Was an Initiate of Okawaru.
             Mangled by a wight
             ... wielding a +4 war axe
              (11 damage)
             ... on level 3 of the Dungeon.
             The game lasted 00:08:39 (2562 turns).

BillyBaka the Shield-Bearer (Minotaur Fighter)      Turns: 2562, Time: 00:08:39

HP:   -10/46 (47)   AC:  7    Str: 22    XL:     5   Next: 22%
MP:   4/4           EV:  9    Int:  5    God:    Okawaru [......]
Gold: 124           SH:  4    Dex: 10    Spells: 4/4 levels left

rFire   . . .        b - +2 spear (vamp)
rCold   . . .        c - +0 buckler
rNeg    . . .        o - +0 scale mail
rPois   .            (helmet restricted)
rElec   .            (no cloak)
rCorr   .            (no gloves)
SInv    .            (no boots)
Will    .....        (no amulet) Stlth
                     (no ring)
HPRegen 0.27/turn    (no ring)
MPRegen 0.09/turn

%: no passive effects
@: lightly drained
A: horns 2, retaliatory headbutt
a: Renounce Religion


You were on level 3 of the Dungeon.
You worshipped Okawaru.
Okawaru was noncommittal.
You visited 1 branch of the dungeon, and saw 4 of its levels.

You collected 124 gold pieces.

Inventory:

Hand Weapons
 a - a +0 war axe
 b - a +2 vampiric spear (weapon)
 u - the +10 sling "Ogrebane" {freeze, Fly rF++ Will+ Int+4}
   (You found it on level 3 of the Dungeon)

   Int:       It affects your intelligence (+4).
   rF:        It greatly protects you from fire.
   Fly:       It grants you flight.
   Will:      It increases your willpower.
Armour
 c - a +0 buckler (worn)
 o - a +0 scale mail (worn)
Scrolls
 e - a scroll of immolation {unknown}
 f - 2 scrolls of amnesia {unknown}
 g - a scroll of summoning {unknown}
 h - 2 scrolls of fog {unknown}
 k - a scroll of magic mapping {unknown}
 l - a scroll of noise {unknown}
 m - 2 scrolls of enchant armour {unknown}
 p - a scroll of identify {unknown}
 q - a scroll of acquirement {unknown}
 t - a scroll of vulnerability {unknown}
Potions
 d - a potion of might
 i - a potion of resistance {unknown}
 j - 2 potions of curing {unknown}
 n - 2 potions of berserk rage {unknown}
 r - a potion of ambrosia {unknown}
 s - a potion of degeneration {unknown}


   Skills:
 + Level 4.5 Fighting
 - Level 3.4(3.7) Axes
 - Level 2.0(3.0) Polearms
 * Level 1.4 Ranged Weapons
 + Level 4.5 Armour
 + Level 4.5 Shields


You had 4 spell levels left.
You didn't know any spells.
Your spell library contained the following spells:

 Spells                   Type           Power      Damage    Failure   Level
 Cigotuvi's Dreadful Rot  Necr/Pois/Air  0%         N/A       94%         2
 Sublimation of Blood     Necr           0%         N/A       94%         2
 Wereblood                Tmut           0%         N/A       94%         2
 Inner Flame              Hex/Fire       0%         N/A       99%         3
 Dispel Undead            Necr           0%         3d6       100%        4
 Flame Wave               Conj/Fire      0%         2d4       100%        4
 Sticky Flame             Conj/Fire      0%         2d3       100%        4
 Death Channel            Necr           Unusable   N/A       N/A         6
 Summon Hydra             Summ           Unusable   N/A       N/A         7

Dungeon Overview and Level Annotations

Branches:
Dungeon (4/15)
 Temple: D:4-7

Altars:
Cheibriados
Okawaru
Sif Muna
Uskayaw


Innate Abilities, Weirdness & Mutations

You have a pair of horns on your head.
You reflexively headbutt those who attack you in melee.


Message History

You shoot a sling bullet.
The sling bullet barely misses the wight.
The wight closely misses you.
You shoot a sling bullet. The sling bullet hits the wight.
The wight is almost destroyed.
The wight hits you with a +0 dire flail.
You feel drained. The wight hits you with a +4 war axe.
The wight closely misses you. You block the wight's attack.
The wight hits you with a +4 war axe!
* * * LOW HITPOINT WARNING * * *
You fly upwards.
There is a stone staircase leading down here.
You float gracefully downwards.
The +10 sling "Ogrebane" {freeze, Fly rF++ Will+ Int+4} stops glowing.
a - a +0 war axe (weapon)
You slash the wight!
You destroy the wight!
Okawaru is honoured by your kill.
You barely miss the wight. The wight closely misses you.
You furiously retaliate!
You headbutt the wight!
Your life force feels restored.
Your Ranged Weapons skill increases to level 1!
You have reached level 5!
You feel a sense of dread.
b - a +2 vampiric spear (weapon)
The wight hits you with a +4 war axe.
* * * LOW HITPOINT WARNING * * *
You barely miss the wight.
The wight is heavily damaged.
The wight hits you with a +4 war axe.
* * * LOW HITPOINT WARNING * * *
You feel drained.
* * * LOW HITPOINT WARNING * * *
You hit the wight but do no damage.
The wight is heavily damaged.
The wight hits you but does no damage.
You hit the wight.
The wight is heavily damaged.
The wight hits you with a +4 war axe!
You die...

#.# #.# #.# #.# #.# #.#
###############################.#
................................#
#######........z@.###############
# #.########).# #### # #.# #[.##
#... #### #.# #...#### #.## ...#
#.# #.#....# #.## ##.# #.#
#.####.# #.## #.# #.# #.#
#.########.#. #.# #.# #.#
#............ #.#
#[########.########....#...


You could see a wight.

Vanquished Creatures
  A wight (D:3)
  4 gnolls (D:3)
  An adder (D:2)
  An ufetubus (D:3)
  3 worms
  2 dart slugs
  5 ball pythons
  3 bats
  4 endoplasms
  4 giant cockroaches
  A goblin (D:2)
  5 hobgoblins
  5 quokkas
  2 frilled lizards
  7 kobolds
  A rat (D:2)
49 creatures vanquished.

Notes
Turn   | Place    | Note
-------+----------+-------------------------------------------
     0 | D:1      | BillyBaka the Minotaur Fighter began the quest for the Orb.
     0 | D:1      | Reached XP level 1. HP: 19/19 MP: 0/0
   172 | D:1      | Reached XP level 2. HP: 27/27 MP: 1/1
   415 | D:1      | Found a faded altar of an unknown god.
   782 | D:2      | Reached XP level 3. HP: 33/33 MP: 2/2
  1248 | D:2      | Found a hide-covered altar of Uskayaw.
  1522 | D:2      | Reached skill level 1 in Polearms
  1801 | D:3      | Identified the +2 scale mail "Gureps" {*Slow +Blink rF-
                  | Slay+5}
  1880 | D:3      | Reached XP level 4. HP: 33/40 MP: 3/3
  2436 | D:3      | Found a snail-covered altar of Cheibriados.
  2463 | D:3      | Found an iron altar of Okawaru.
  2463 | D:3      | Found a shimmering blue altar of Sif Muna.
  2467 | D:3      | Identified the +10 sling "Ogrebane" {freeze, Fly rF++ Will+
                  | Int+4}
  2473 | D:3      | Became a worshipper of Warmaster Okawaru
  2559 | D:3      | Reached skill level 1 in Ranged Weapons
  2559 | D:3      | Reached XP level 5. HP: 13/47 MP: 4/4
  2560 | D:3      | HP: 1/46 [wight/+4 war axe (2)]
  2562 | D:3      | Mangled by a wight

Illustrated notes

Levels and vault maps discovered:
D:1:      minmay_arrival_hallway, layout_loops_cross,
          shapermc_ecumenical_altar_notcrosses
D:2:      layout_basic, basic_altar
D:3:      layout_basic, gammafunk_temple_overflow_pools, cheibriados_altar_1,
          hangedman_decor_peaks_small
D:4:      layout_basic, minitemple, serial_shops, nicolae_take_the_stairs,
          gammafunk_ghost_nasty_kobolds, minmay_fire_ice_demons

Skill      XL: |  1  2  3  4 |
---------------+-------------+-----
Axes           | 3 |  3.4
Fighting       | 4 |  4.5
Armour         | 4 |  4.5
Shields        | 4 |  4.5
Polearms       | 1 2 |  2.0
Ranged Weapons | 1 |  1.4

Action                     |  1- 3 |  4- 6 || total
---------------------------+-------+-------++-------
  Melee: War axe           |    60 |     1 ||    61
         Headbutt          |    12 |     5 ||    17
         Spear             |    38 |    22 ||    60
   Fire: Sling             |       |     6 ||     6
 Armour: Scale mail        |    38 |     3 ||    41
  Dodge: Dodged            |    40 |     5 ||    45
  Block: Buckler           |    20 |     2 ||    22

Table legend: (Time is in decaauts)
 A = Elapsed time spent in this place.
 B = Non-inter-level travel time spent in this place.
 C = Inter-level travel time spent in this place.
 D = Time resting spent in this place.
 E = Time spent auto-exploring this place.
 F = Levels seen in this place.
 G = Mean time per level.
                   A        B        C        D        E       F      G
               +--------+--------+--------+--------+--------+-----+--------+
         Total |   2586 |   2493 |     93 |     41 |   2083 |   4 |  646.5 |
       Dungeon |   2586 |   2493 |     93 |     41 |   2083 |   4 |  646.5 |
               +--------+--------+--------+--------+--------+-----+--------+

Top non-repeatable levels by time:
     D:3: 981 daAuts
     D:2: 800 daAuts
     D:1: 797 daAuts
     D:4: 7 daAuts
